AoeStats
← jphilkill

Arena

504703667Analyzed
4v4 RM · 27d ago on Sep 6, 2026· 16m 19s· 8 players
Game mode
Random Map
Map size
Large (8 player)
Population
200
Speed
Normal
Resources
Standard
Victory
Conquest
Starting age
Dark Age
Ending age
Imperial Age
RankedLock teamsTeams togetherTeam positionsShared explorationLock speedFull tech treeHidden civsTurbo modeCheats
Victory
Defeat
🇪🇸 Spanish · Spain
1030
+15
🇩🇪 Magyars · Germany
1005
+16
🇩🇪 Burgundians · Germany
990
+16
🇵🇱 Ethiopians · Poland
979
+17
🇨🇳 Mongols · China
1045
-18
🇫🇷 Inca · France
1042
-17
🇭🇰 Gurjaras · Hong Kong SAR China
993
-16
🇫🇷 Hindustanis · France
924
-13
zozolini
11:45 Feudal Age
15:50 Castle Age
14:36 Double-Bit Axe
14:35 Horse Collar
15:33 Wheelbarrow
T.Mücke_63
10:18 Feudal Age
14:29 Castle Age
13:41 Double-Bit Axe
13:43 Horse Collar
15:32 Loom
16:03 Bow Saw
Walolo
5:58 Loom
jphilkill
0:56 Loom
9:53 Wheelbarrow
9:06 Double-Bit Axe
12:23 Feudal Age
GENTILLESSE
9:31 Loom
11:16 Feudal Age
KaiZerShift
10:47 Feudal Age
17:44 Castle Age
hckwok823
7:58 Loom
12:29 Feudal Age
big niao
9:35 Feudal Age
13:51 Castle Age
11:34 Horse Collar
13:04 Double-Bit Axe
Connection lost

Rejoining the realm…

Still unreachable

The connection could not be restored.

Session expired

The server has moved on; the page needs a fresh start.